 Seeded DCSS version 0.30.1-9-gdf580d7c3d (webtiles) character file.

Game seed: 5 (custom seed)

1491 Kazon the Shield-Bearer (level 8, -5/48 HPs)
             Began as a Gargoyle Fighter on Oct 13, 2023.
             Was an Initiate of the Shining One.
             Killed by divine providence
             ... invoked by an orc priest
              (12 damage)
             ... on level 6 of the Dungeon.
             The game lasted 00:17:41 (3541 turns).

Kazon the Shield-Bearer (Gargoyle Fighter)          Turns: 3541, Time: 00:17:41

Health: -5/48      AC: 33    Str: 21    XL:     8   Next: 80%
Magic:  0/20       EV:  4    Int:  8    God:    the Shining One [......]
Gold:   220        SH: 15    Dex: 17    Spells: 7/7 levels left

rFire   . . .        f - +0 hand axe (flame)
rCold   . . .        c - +0 tower shield
rNeg    + . .        e - +15 Maxwell's patent armour {-Cast -Tele rElec Will+ rCorr}
rPois   ∞            b - +0 helmet
rElec   +            (no cloak)
rCorr   +            (no gloves)
SInv    .            (no boots)
Will    +....        B - amulet of guardian spirit Stlth
                     q - ring of magical power
HPRegen 0.28/turn    y - +6 ring of dexterity
MPRegen 0.17/turn

%: no teleportation, no spellcasting, guardian spirit
@: mighty, glowing
A: sickness immunity, AC +5, negative energy resistance 1, electricity
resistance, torment resistance 1, petrification resistance
a: Renounce Religion


You were on level 6 of the Dungeon.
You worshipped the Shining One.
The Shining One was noncommittal.
You visited 2 branches of the dungeon, and saw 7 of its levels.

You collected 220 gold pieces.

Inventory:

Hand Weapons
 a - a +0 flail
 f - a +0 hand axe of flaming (weapon)
 w - the +2 sling "Qeuhanocyt" {speed, rElec Str-3 Dex+2}
   (You found it on level 3 of the Dungeon)

   Str:       It affects your strength (-3).
   Dex:       It affects your dexterity (+2).
   rElec:     It insulates you from electricity.
Missiles
 i - 3 boomerangs
 p - 17 stones
 r - a poisoned dart (quivered)
Armour
 b - a +0 helmet (worn)
 c - a +0 tower shield (worn)
 e - the +15 Maxwell's patent armour (worn) {-Cast -Tele rElec Will+ rCorr}
   (You acquired it on level 1 of the Dungeon)

   rElec:     It insulates you from electricity.
   -Cast:     It prevents spellcasting.
   -Tele:     It prevents most forms of teleportation.
   rCorr:     It protects you from acid and corrosion.
   Will:      It increases your willpower.
Jewellery
 q - a ring of magical power (left hand)
 y - a +6 ring of dexterity (right hand)
 B - an amulet of guardian spirit (around neck)
Wands
 s - a wand of paralysis (8)
Scrolls
 g - a scroll of fog {unknown}
 l - a scroll of summoning {unknown}
 m - 2 scrolls of identify {unknown}
 n - a scroll of blinking {unknown}
 o - 2 scrolls of magic mapping {unknown}
 x - a scroll of torment {unknown}
 A - a scroll of amnesia {unknown}
 D - a scroll of poison {unknown}
 E - a scroll of enchant armour {unknown}
Potions
 h - a potion of resistance {unknown}
 j - 2 potions of curing
 k - a potion of lignification {unknown}
 t - 2 potions of invisibility {unknown}
 u - a potion of berserk rage {unknown}
 v - 4 potions of flight {unknown}
 z - 2 potions of heal wounds {unknown}
 C - a potion of attraction {unknown}


   Skills:
 + Level 4.4 Fighting
 + Level 3.2(4.1) Axes
 + Level 4.2(4.8) Maces & Flails
 + Level 1.3 Ranged Weapons
 + Level 2.7 Throwing
 + Level 4.5 Armour
 + Level 0.7 Dodging
 + Level 0.5 Stealth
 + Level 6.1 Shields
 * Level 4.2 Invocations
 * Level 2.8 Evocations


You had 7 spell levels left.
You didn't know any spells.
Your spell library contained the following spells:

 Spells                   Type           Power      Damage    Failure   Level
 Frozen Ramparts          Ice            0%         1d1       100%        3
 Ignite Poison            Fire/Tmut/Pois 0%         N/A       100%        3
 Ice Form                 Ice/Tmut       0%         N/A       100%        4
 Sticky Flame             Conj/Fire      0%         2d3       100%        4
 Summon Ice Beast         Ice/Summ       0%         N/A       100%        4
 Summon Forest            Summ/Tloc      0%         N/A       100%        5
 Eringya's Noxious Bog    Tmut/Pois      0%         N/A       100%        6
 Summon Hydra             Summ           0%         N/A       100%        7
 Ignition                 Fire           0%         3d3       100%        8


Dungeon Overview and Level Annotations

Branches:
Dungeon (6/15)             Temple (1/1) D:4

Altars:
Dithmenos
Fedhas
Hepliaklqana
Qazlal
Trog
Wu Jian
The Shining One


Innate Abilities, Weirdness & Mutations

You are immune to sickness and miasma.
Your stone body is resilient. (AC +5)
You are immune to poison.
You resist negative energy. (rN+)
You are resistant to electric shocks. (rElec)
You are resistant to unholy torment.
You are immune to petrification.


Message History

You block the orc priest's attack. You block the iguana's attack.
The orc priest hits you but does no damage.
You block the iguana's attack.
You hit the orc priest. You burn the orc priest.
The orc priest is almost dead.
You hit the iguana. You burn the iguana. You slash the orc wizard!
You burn the orc wizard. The orc wizard casts a spell at you.
The puff of flame hits you but does no damage.
The orc priest calls upon Beogh to heal the orc wizard.
The orc wizard is healed somewhat.
You block the iguana's attack.
The orc priest mumbles some strange prayers to Beogh against you.
Beogh smites you!
* * * LOW HITPOINT WARNING * * *
It was a potion of curing.
You feel better. You block the orc wizard's attack.
The orc priest calls upon Beogh to heal the orc wizard.
The orc wizard is healed somewhat.
The iguana bites you but does no damage.
You barely miss the orc priest.
The orc priest is almost dead.
You slash the orc wizard! You burn the orc wizard.
You kill the orc wizard!
Reactivating autopickup.
You hit the iguana but do no damage. You block the orc priest's attack.
The iguana bites you but does no damage.
Your Shields skill increases to level 6!
You barely miss the orc priest.
The orc priest is almost dead.
You slash the iguana! You burn the iguana.
You kill the iguana!
You hit the orc priest. You burn the orc priest.
The orc priest hits you but does no damage. x2
You block the orc's attack.
The orc priest looks encouraged for a moment.
The orc priest barely misses you.
The orc priest attacks as you move away!
You block the orc priest's attack.
The orc priest calls down the wrath of Beogh upon you.
Beogh smites you!
You die...

#.... ... ..## ... ....
#.... #.... #.#.# ..#..
#.#.# #.#.. #.#.# #.##. o
#.#@# #.##.#########
(..###.#o###.##.........)
o#......oo...###.........
(...(........†.'.>.......
##....<...######..)......
########## #.........
#......... #.........
#.........


You could see 2 orc priests and an orc.

Vanquished Creatures
  Sigmund (D:4)
  Duvessa (D:6)
  A water moccasin (D:6)
  2 black bears (D:4)
  A centaur (D:6)
  An ogre (D:5)
  2 scorpions
  Dowan (D:6)
  A howler monkey (D:6)
  4 hounds
  A jelly (D:5)
  6 iguanas
  2 orc wizards (D:6)
  4 gnolls (D:5)
  9 adders
  2 ufetubi
  3 worms
  7 orcs
  4 bats
  9 endoplasms
  A giant cockroach (D:1)
  12 goblins
  7 hobgoblins
  11 jackals
  3 kobolds
  3 quokkas (D:4)
  6 ball pythons
  3 frilled lizards
  4 rats
112 creatures vanquished.

Notes
Turn   | Place    | Note
-------+----------+-------------------------------------------
     0 | D:1      | Kazon the Gargoyle Fighter began the quest for the Orb.
     0 | D:1      | Reached XP level 1. HP: 14/14 MP: 1/1
    51 | D:1      | Identified a scroll of acquirement
    51 | D:1      | Acquired the +15 Maxwell's patent armour {-Cast -Tele rElec
                  | Will+ rCorr}
    51 | D:1      | Found the +15 Maxwell's patent armour {-Cast -Tele rElec
                  | Will+ rCorr}
    75 | D:1      | Reached XP level 2. HP: 19/19 MP: 2/2
   373 | D:1      | Reached XP level 3. HP: 23/23 MP: 3/3
   428 | D:1      | Reached skill level 4 in Shields
   942 | D:2      | Reached XP level 4. HP: 28/28 MP: 4/4
  1412 | D:2      | Reached skill level 1 in Throwing
  1615 | D:3      | Found a blossoming altar of Fedhas.
  1632 | D:3      | Reached XP level 5. HP: 32/32 MP: 5/5
  1736 | D:3      | Identified the +2 sling "Qeuhanocyt" {speed, rElec Str-3
                  | Dex+2}
  1774 | D:3      | Found a stormy altar of Qazlal.
  1948 | D:3      | Found a faded altar of an unknown god.
  2043 | D:4      | Found a staircase to the Ecumenical Temple.
  2051 | Temple   | Entered the Ecumenical Temple
  2058 | Temple   | Became a worshipper of the Shining One
  2119 | D:4      | Noticed Sigmund
  2127 | D:4      | Killed Sigmund
  2128 | D:4      | Reached skill level 1 in Invocations
  2128 | D:4      | Reached XP level 6. HP: 37/38 MP: 6/6
  2152 | D:4      | Noticed a black bear
  2179 | D:4      | Killed a black bear
  2188 | D:4      | Found a hazy altar of Hepliaklqana.
  2189 | D:4      | Found a shadowy altar of Dithmenos.
  2189 | D:4      | Noticed a shadow
  2285 | D:4      | Reached XP level 7. HP: 39/43 MP: 8/8
  2495 | D:4      | Reached skill level 1 in Ranged Weapons
  2643 | D:4      | Reached skill level 1 in Evocations
  2817 | D:5      | Entered Level 5 of the Dungeon
  2826 | D:5      | Reached skill level 5 in Shields
  3001 | D:5      | Reached skill level 1 in Axes
  3055 | D:5      | Reached XP level 8. HP: 48/48 MP: 10/10
  3324 | D:6      | Noticed Dowan
  3325 | D:6      | Noticed Duvessa
  3340 | D:6      | Killed Dowan
  3348 | D:6      | Killed Duvessa
  3537 | D:6      | HP: 1/48 [orc priest/divine providence (6)]
  3540 | D:6      | Reached skill level 6 in Shields
  3541 | D:6      | Killed from afar by an orc priest

Illustrated notes

Levels and vault maps discovered:
D:1:      ebering_trefoil_3fold, layout_basic, st_stairs_14, serial_bayou_ford_a
D:2:      layout_basic, hangedman_decor_growths, minmay_close_crescents
D:3:      layout_rooms, mainiacjoe_overflow_concentric_impassable,
          mainiacjoe_overflow_paths, shapermc_ecumenical_altar_acropolis,
          chequers_serial_rivers_micro_b
D:4:      layout_basic, riverfiend_overflow_shadow_ancestor,
          minmay_temple_entry_glass, uniq_sigmund
D:5:      layout_gridville
D:6:      layout_basic, xom_teletrap_fun, uniq_duvessa
Temple:   nicolae_temple_elliptical

Skill      XL: |  1  2  3  4  5  6  7  8 |
---------------+-------------------------+-----
Shields        | 4 5 6 |  6.1
Maces & Flails | 3 4 |  4.2
Throwing       | 1 2 |  2.7
Armour         | 4 |  4.5
Invocations    | 1 2 4 |  4.2
Fighting       | 4 |  4.4
Ranged Weapons | 1 |  1.3
Evocations     | 2 |  2.8
Axes           | 1 3 |  3.2
Dodging        | |  0.7
Stealth        | |  0.5

Action                     |  1- 3 |  4- 6 |  7- 9 || total
---------------------------+-------+-------+-------++-------
  Melee: Flail             |   117 |   132 |       ||   249
         Hand axe          |       |     4 |   204 ||   208
   Fire: Sling             |       |    11 |    11 ||    22
  Throw: Stone             |       |     5 |    16 ||    21
         Dart              |       |     2 |    21 ||    23
    Use: Scroll            |     2 |       |     1 ||     3
         Potion            |     1 |       |     2 ||     3
 Armour: Scale mail        |    22 |       |       ||    22
         Plate armour      |    70 |   100 |   157 ||   327
  Dodge: Dodged            |    22 |    16 |    29 ||    67
  Block: Buckler           |    12 |       |       ||    12
         Tower shield      |    31 |   111 |   198 ||   340
